 Dungeon Sprint DCSS version 0.20.0-15-g7f486f2 (webtiles) character file.

4404 Snowbourne the Imperceptible (level 10, -2/44 HPs)
             Began as a Spriggan Enchanter on June 28, 2017.
             Was an Initiate of Dithmenos.
             Slain by a deep troll (19 damage)
             ... in the Dungeon (Sprint I: "Red Sonja").
             The game lasted 00:03:50 (708 turns).

Snowbourne the Imperceptible (Spriggan Enchanter)    Turns: 708, Time: 00:03:51

Health: -2/44      AC:  2    Str:  4    XL:     10   Next: 14%
Magic:  20/24      EV: 19    Int: 16    God:    Dithmenos [......]
Gold:   487        SH:  0    Dex: 23    Spells: 5/14 levels left

rFire    . . .     SeeInvis +   a - +1 dagger
rCold    . . .     Gourm    .   (shield restricted)
rNeg     . . .     Faith    .   b - +0 robe
rPois    .         Spirit   .   (helmet restricted)
rElec    .         Reflect  .   (no cloak)
rCorr    .         Harm     .   (gloves unavailable)
MR       +....     NoTele   +   (boots unavailable)
Stlth    +++++++++.             (no amulet)
Regen    0.2/turn               l - ring "Koaweng" {MP+9 Dex+2}
MPRegen  0.2/turn               (no ring)

@: very quick
A: unfitting armour, see invisible, herbivore 3, speed 3, slow metabolism 2
a: Renounce Religion


You were in the Dungeon.
You worshipped Dithmenos.
Dithmenos was noncommittal.
You were not hungry.

You visited 1 branch You collected 654 gold pieces.
You spent 145 gold pieces at shops.
You donated 22 gold pieces to Zin.

Inventory:

Hand Weapons
 a - a +1 dagger (weapon)
Armour
 b - a +0 robe (worn)
Jewellery
 l - the ring "Koaweng" (left hand) {MP+9 Dex+2}
   (You bought it in a shop in the Dungeon)

   [ring of magical power]

   It affects your dexterity (+2).
   It affects your magic capacity (+9).
Scrolls
 j - a scroll of blinking
Potions
 e - 3 potions of curing
 f - a potion of heal wounds
 g - a potion of haste
 h - 2 potions of magic
 i - a potion of ambrosia {unknown}
 k - a potion of lignification {unknown}
Books
 c - a book of Maledictions

   Spells                             Type                      Level
   a - Corona                         Hexes                        1
   b - Ensorcelled Hibernation        Hexes/Ice                    2
   c - Confuse                        Hexes                        3
   d - Tukima's Dance                 Hexes                        3
   e - Dazzling Spray                 Conjuration/Hexes            3
Comestibles
 d - a bread ration


   Skills:
 - Level 1.1 Short Blades
 - Level 3.0 Dodging
 * Level 25.9 Stealth
 - Level 2.6 Spellcasting
 + Level 16.0 Hexes


You had 5 spell levels left.
You knew the following spells:

 Your Spells              Type           Power        Failure   Level  Hunger
a - Corona                Hex            ######.      1%          1    #......
b - Ensorcelled Hibernat  Hex/Ice        ####..       1%          2    ##.....
c - Confuse               Hex            ######..     1%          3    ###....
d - Dazzling Spray        Conj/Hex       ####..       2%          3    ###....


Dungeon Overview and Level Annotations

Branches:
Dungeon (1/1)

Altars:
Cheibriados
Dithmenos
Elyvilon
Fedhas
Gozag
Hepliaklqana
Kikubaaqudgha
Nemelex Xobeh
Okawaru
Qazlal
Ru
Sif Muna
Trog
Uskayaw
Vehumet
Yredelemnul
Zin
The Shining One

Shops:
D *((**[


Innate Abilities, Weirdness & Mutations

You are very small and have problems with some larger weapons.
You are too small for most types of armour.
You have supernaturally acute eyesight. (SInv)
You are a herbivore.
You cover ground extremely quickly.
You need consume almost no food.


Message History

6 curare-tipped needles; the kobold skeleton of Sonja You open the door.
A deep troll comes into view.
Found 108 gold pieces.
There is an open door here.
You see here 27 gold pieces.
Casting: Dazzling Spray
Confirm with . or Enter, or press ? or * to list all spells.
Aiming: Ensorcelled Hibernation
Press: ? - help, Shift-Dir - straight line, f - deep troll
Aim: a deep troll (chance to defeat MR: 38%)
The deep troll easily resists.
Casting: Ensorcelled Hibernation
Confirm with . or Enter, or press ? or * to list all spells.
Aiming: Ensorcelled Hibernation
Press: ? - help, Shift-Dir - straight line, f/p - deep troll
Aim: a deep troll (chance to defeat MR: 38%)
The deep troll easily resists.
The deep troll bites you! The deep troll claws you! The deep troll claws you!!
You die...

#..#####'#####'#
#..####..#...#)#
#..#__####..##.#
#..#_____##'#..+
#⌠⌠#_.∩..÷'..._#
####_..__##_.#'#
#_____###'#.#
############.####+###
#∩........'...'@T.$$+
###''''####.).#######
#.......####.###
#........#.#'#.#
#..#.....#.....#
#........#..[..#
#.....#..#######
#........# #..#.....#


You could see a deep troll.

Vanquished Creatures
  Sonja (D)
  8 shining eyes (D)
  Sigmund (D)
  A yak (D)
  4 floating eyes (D)
  An ogre (D)
  A jelly (D)
  Ijyb (D)
  A ballistomycete (D)
  A ballistomycete spore (D)
20 creatures vanquished.

Vanquished Creatures (others)
  A gargoyle (D)
  A ballistomycete spore (D)
2 creatures vanquished.

Grand Total: 22 creatures vanquished

Notes
Turn   | Place    | Note
-------+----------+-------------------------------------------
     0 | D        | Snowbourne the Spriggan Enchanter began the quest for the Orb.
     0 | D        | Reached XP level 1. HP: 9/9 MP: 5/5
     2 | D        | Noticed Ijyb
     7 | D        | Killed Ijyb
     7 | D        | Reached skill level 8 in Stealth
     7 | D        | Reached skill level 5 in Hexes
     7 | D        | Reached XP level 2. HP: 13/13 MP: 6/6
    44 | D        | Learned a level 2 spell: Ensorcelled Hibernation
    45 | D        | Noticed an ogre
    53 | D        | Killed an ogre
    53 | D        | Reached skill level 12 in Stealth
    53 | D        | Reached XP level 3. HP: 10/16 MP: 0/8
    53 | D        | Reached XP level 4. HP: 13/21 MP: 0/9
    70 | D        | Learned a level 3 spell: Confuse
   165 | D        | Noticed Sigmund
   168 | D        | Killed Sigmund
   168 | D        | Reached skill level 15 in Stealth
   168 | D        | Reached XP level 5. HP: 24/24 MP: 7/10
   168 | D        | Reached XP level 6. HP: 28/28 MP: 7/11
   181 | D        | Found a deep blue altar of Sif Muna.
   183 | D        | Found a radiant altar of Vehumet.
   247 | D        | Learned a level 3 spell: Dazzling Spray
   247 | D        | Found Gaiz Aru's General Store.
   247 | D        | Found an ancient bone altar of Kikubaaqudgha.
   247 | D        | Found a hazy altar of Hepliaklqana.
   247 | D        | Found a stormy altar of Qazlal.
   247 | D        | Found a hide-covered altar of Uskayaw.
   247 | D        | Found a blossoming altar of Fedhas.
   247 | D        | Found a bloodstained altar of Trog.
   247 | D        | Found an iron altar of Okawaru.
   247 | D        | Found a basalt altar of Yredelemnul.
   247 | D        | Found a glowing golden altar of the Shining One.
   247 | D        | Found a snail-covered altar of Cheibriados.
   247 | D        | Found a sacrificial altar of Ru.
   247 | D        | Found a glowing silver altar of Zin.
   247 | D        | Found a shadowy altar of Dithmenos.
   247 | D        | Found a white marble altar of Elyvilon.
   247 | D        | Noticed a yak
   248 | D        | Found an opulent altar of Gozag.
   249 | D        | Killed a yak
   249 | D        | Reached skill level 17 in Stealth
   249 | D        | Reached skill level 10 in Hexes
   250 | D        | Found a sparkling altar of Nemelex Xobeh.
   256 | D        | Became a worshipper of Zin the Law-Giver
   256 | D        | Reached * piety under Zin
   256 | D        | Reached ** piety under Zin
   256 | D        | Reached *** piety under Zin
   256 | D        | Reached **** piety under Zin
   256 | D        | Reached ***** piety under Zin
   256 | D        | Reached ****** piety under Zin
   278 | D        | Noticed Sonja
   284 | D        | Killed Sonja
   284 | D        | Reached skill level 20 in Stealth
   284 | D        | Reached XP level 7. HP: 14/32 MP: 9/12
   284 | D        | Reached XP level 8. HP: 16/36 MP: 9/13
   299 | D        | Found Dunohila's General Store.
   452 | D        | Noticed a shining eye
   452 | D        | Noticed a shining eye
   452 | D        | Noticed a shining eye
   452 | D        | Noticed a shining eye
   452 | D        | Noticed a shining eye
   452 | D        | Noticed a shining eye
   460 | D        | Noticed a shining eye
   460 | D        | Noticed a shining eye
   463 | D        | Killed a shining eye
   463 | D        | Reached skill level 21 in Stealth
   466 | D        | Reached skill level 22 in Stealth
   466 | D        | Paralysed by a floating eye for 3 turns
   472 | D        | Killed a shining eye
   472 | D        | Reached XP level 9. HP: 39/39 MP: 8/14
   474 | D        | Paralysed by a floating eye for 4 turns
   482 | D        | Killed a shining eye
   482 | D        | Reached skill level 23 in Stealth
   483 | D        | Paralysed by a floating eye for 2 turns
   485 | D        | Killed a gargoyle
   490 | D        | Killed a shining eye
   490 | D        | Reached skill level 24 in Stealth
   498 | D        | Killed a shining eye
   498 | D        | Reached skill level 15 in Hexes
   500 | D        | Killed a shining eye
   500 | D        | Reached skill level 25 in Stealth
   504 | D        | Killed a shining eye
   504 | D        | Reached XP level 10. HP: 44/44 MP: 4/15
   536 | D        | Killed a shining eye
   543 | D        | Found Vunos's Assorted Antiques.
   543 | D        | Found Ogotum's Antique Weapon Shoppe.
   543 | D        | Found Fuos's Armour Boutique.
   543 | D        | Found Vujytaar's Antique Weapon Emporium.
   547 | D        | Bought a pitted brass ring for 145 gold pieces
   547 | D        | Identified the ring "Koaweng" {MP+9 Dex+2} (You bought it in a shop in the Dungeon)
   585 | D        | Fell from the grace of Zin
   585 | D        | Became a worshipper of Dithmenos the Shadowed
   704 | D        | Noticed a deep troll
   708 | D        | Slain by a deep troll

Skill      XL: |  1  2  3  4  5  6  7  8  9 10 |
---------------+-------------------------------+-----
Stealth        | 8 12 15 20 22 25 | 25.9
Hexes          | 5 7 9 12 14 15 16 | 16.0
Short Blades   | |  1.1
Dodging        | |  3.0
Spellcasting   | |  2.6

Action                   |  1- 3 |  4- 6 |  7- 9 | 10-12 || total
-------------------------+-------+-------+-------+-------++-------
Melee: Dagger            |     6 |     5 |    17 |    54 ||    82
 Cast: Ensorcelled Hiber |     2 |     4 |     4 |     2 ||    12
       Dazzling Spray    |       |       |     2 |     1 ||     3
Invok: Recite            |       |       |     1 |       ||     1
  Use: Potion            |     1 |       |       |       ||     1
 Stab: Sleeping          |     2 |     4 |     8 |       ||    14
       Invisible         |       |       |     5 |       ||     5
Dodge: Dodged            |     3 |     6 |       |       ||     9
